 Dungeon Crawl Stone Soup version 0.16-a0-110-ge8ded92 (webtiles) character file.

366 Deemzul the Insei (level 6, -5/45 HPs)
             Began as an Octopode Monk on Aug 10, 2014.
             Slain by an iguana (12 damage)
             ... on Level 5 of the Dungeon.
             The game lasted 00:04:03 (3054 turns).

Deemzul the Insei (Octopode Monk)                   Turns: 3054, Time: 00:04:03

HP  -5/45        AC  1     Str 10      XL: 6   Next: 68%
MP   5/5         EV 20     Int 13      God:
Gold 112         SH  0     Dex 16      Spells:  0 memorised,  5 levels left

rFire  + . .     SeeInvis .       - Unarmed
rCold  . . .     Clarity  .     (no shield)
rNeg   + + .     rCorr    .     (helmet restricted)
rPois  +         rRot     .     e - amulet of the gourmand
rElec  .         Spirit   .     h - ring of positive energy
SustAb .         Warding  .     k - ring of poison resistance
rMut   .         Stasis   .     n - ring of positive energy
Gourm  +                        u - +5 ring of evasion
MR     .....                    (no ring)
                                (no ring)
                                (no ring)
                                (no ring)

@: not resistant to hostile enchantments, fairly stealthy
A: almost no armour, amphibious, 8 rings, constrict 8, tentacle spike 1,
camouflage 1, fire resistance 1, low mp 1, gelatinous body 1
a: no special abilities


You were on level 5 of the Dungeon.
You were completely stuffed.

You visited 1 branch of the dungeon, and saw 5 of its levels.

You collected 112 gold pieces.

Inventory:

Magical devices
 v - a wand of confusion (12) {unknown}
Comestibles
 b - 5 bread rations
 o - 3 meat rations
 s - 4 rotting chunks of centaur flesh
 z - a slice of pizza
Scrolls
 a - 2 scrolls of identify {unknown}
 c - 2 scrolls of magic mapping {unknown}
 f - 5 scrolls of recharging {unknown}
 i - 3 scrolls of random uselessness {unknown}
 l - 2 scrolls of teleportation {unknown}
 p - a scroll of blinking {unknown}
 q - 4 scrolls of immolation {unknown}
 t - a scroll of remove curse {unknown}
 w - a scroll of fog {unknown}
 x - a scroll of fear {unknown}
Jewellery
 e - an amulet of the gourmand (around mantle)
 h - a ring of positive energy (left tentacle)
 k - a ring of poison resistance (right tentacle)
 n - a ring of positive energy (on tentacle)
 u - a +5 ring of evasion (on tentacle)
Potions
 d - 4 potions of curing {unknown}
 g - 2 potions of brilliance {unknown}
 j - 2 potions of haste {unknown}
 m - a potion of agility {unknown}
 r - a potion of cure mutation {unknown}


   Skills:
 + Level 4.8 Fighting
 + Level 4.6 Dodging
 - Level 2.6 Stealth
 + Level 5.6 Unarmed Combat


You had 5 spell levels left.
You didn't know any spells.

Dungeon Overview and Level Annotations

Branches:
Dungeon (5/15)
 Temple: D:4-7

Altars:
Gozag
Makhleb
Trog
Vehumet
Yredelemnul

Annotations:
D:4 Ratboiler's ghost, average MiFi


Innate Abilities, Weirdness & Mutations

You cannot wear most types of armour.
You are amphibious.
You can wear up to eight rings at the same time.
You can use your tentacles to constrict many enemies at once.
Your skin changes colour to match your surroundings (Stealth).
Your rubbery body absorbs attacks (AC +1).
One of your tentacles bears a spike.
Your flesh is heat resistant.
Your magical capacity is low (-10% MP).


Message History

The iguana is severely wounded.
The iguana bites you!
You barely miss the iguana. Your grab misses the iguana.
You squeeze the iguana, but do no damage.
The iguana is severely wounded.
The iguana misses you.
The shadow imp grins evilly.
You tentacle-slap the iguana but do no damage.
You grab the iguana. You squeeze the iguana.
The iguana is almost dead.
You constrict the iguana, but do no damage.
The iguana bites you!
* * * LOW HITPOINT WARNING * * *
Drink which item? (? for menu, Esc to quit)
Okay, then.
You completely miss the iguana.
The iguana is almost dead.
You constrict the iguana, but do no damage.
The iguana bites you!
You die...

#.........##.#.#
#.<.....).##.#.#
#......._.##.#.#
#............#.#
#............#.#
#............#.###
#........#...#.... .
#+##........+......#.
.....###.##@.......###.##.#.
....../..5l.................
........#.#########.....#.#.
.......#..# #.###.#.#.
###........# #.# ..#.#.
#####....# . ....#. #....#
###.###. ...... ..+.......
....#.# ...###.###.


You could see an iguana and a shadow imp.

Vanquished Creatures
  2 centaurs (D:5)
  A centaur skeleton (D:3)
  An iguana (D:4)
  An orc wizard (D:3)
  A gnoll (D:1)
  3 adders
  3 worms (D:3)
  6 orcs (D:3)
  4 bats
  A bat skeleton (D:4)
  7 giant cockroaches
  5 goblins
  10 hobgoblins
  4 jackals (D:3)
  A quokka (D:2)
  2 giant newts
  7 kobolds
  6 rats
65 creatures vanquished.

Notes
Turn   | Place    | Note
--------------------------------------------------------------
     0 | D:1      | Deemzul, the Octopode Monk, began the quest for the Orb.
     0 | D:1      | Reached XP level 1. HP: 16/16 MP: 1/1
   112 | D:1      | Reached XP level 2. HP: 18/21 MP: 2/2
   359 | D:1      | Reached XP level 3. HP: 19/26 MP: 3/3
   876 | D:2      | Found an opulent altar of Gozag.
  1050 | D:2      | Found a radiant altar of Vehumet.
  1050 | D:2      | Found a bloodstained altar of Trog.
  1450 | D:3      | Found a bloodstained altar of Trog.
  1464 | D:3      | Reached XP level 4. HP: 24/33 MP: 4/4
  1880 | D:3      | Reached XP level 5. HP: 33/37 MP: 5/5
  2211 | D:3      | Reached skill level 5 in Unarmed Combat
  2475 | D:4      | Found a basalt altar of Yredelemnul.
  2566 | D:4      | Noticed a phantom
  2647 | D:4      | Noticed Ratboiler's ghost (average MiFi)
  2664 | D:5      | Entered Level 5 of the Dungeon
  2666 | D:5      | Gained mutation: One of your tentacles bears a spike. [potion of mutation]
  2666 | D:5      | Gained mutation: Your magical capacity is low (-10% MP). [potion of mutation]
  2666 | D:5      | Gained mutation: Your flesh is heat resistant. [potion of mutation]
  2667 | D:5      | Noticed a centaur
  2682 | D:5      | Killed a centaur
  2682 | D:5      | Reached XP level 6. HP: 28/44 MP: 5/5
  2805 | D:5      | Noticed a centaur
  2818 | D:5      | Killed a centaur
  2990 | D:5      | Found a burning altar of Makhleb.
  3054 | D:5      | Slain by an iguana

Action                   |  1- 3 |  4- 6 || total
-------------------------+-------+-------++-------
Melee: Unarmed           |    69 |   114 ||   183
  Use: Potion            |       |     2 ||     2
 Stab: Sleeping          |     6 |     5 ||    11
  Eat: Chunk             |    12 |     7 ||    19
